 Dungeon Crawl Stone Soup version 0.30.1-4-g462c640d31 (webtiles) character file.

Game seed: 5574316316961955057

3736 monsoonserge the Destroyer (level 9, -3/94 HPs)
             Began as a Grey Draconian Conjurer on Aug 11, 2023.
             Slain by a moth of wrath (8 damage)
             ... on level 7 of the Dungeon.
             The game lasted 00:31:16 (8792 turns).

monsoonserge the Destroyer (DrCj)                   Turns: 8792, Time: 00:31:17

Health: -3/94      AC: 13    Str:  9    XL:     9   Next: 93%
Magic:  12/15      EV: 11    Int: 30    God:
Gold:   410        SH:  3    Dex:  9    Spells: 5/16 levels left

rFire   + . .        N - +2 whip (elec)
rCold   . . .        Y - +0 buckler
rNeg    . . .        (body armour unavailable)
rPois   +            (helmet restricted)
rElec   .            w - +0 cloak {rPois}
rCorr   .            (no gloves)
SInv    .            (no boots)
Will    .....        (no amulet) Stlth
                     b - +6 ring of intelligence
HPRegen 0.35/turn    G - ring of protection from fire
MPRegen 0.14/turn

%: no passive effects
@: berserking, very quick
A: AC +12, amphibious, unfitting armour, cold-blooded
a: no special abilities


You were on level 7 of the Dungeon.
You visited 2 branches of the dungeon, and saw 8 of its levels.
You also visited: Ossuary.

You collected 410 gold pieces.

Inventory:

Hand Weapons
 k - a +0 vampiric spear
 l - a +0 dagger of speed
 v - a +2 quarterstaff of chaos
 D - a +0 dagger of pain
 I - a +0 glaive of flaming
 N - a +2 whip of electrocution (weapon)
 V - a +1 falchion of holy wrath
Missiles
 n - 12 poisoned darts (quivered)
 C - 6 javelins
Armour
 o - a +2 cloak
 w - a +0 cloak of poison resistance (worn)
 Y - a +0 buckler (worn)
Magical Staves
 r - a staff of cold
 s - a staff of poison
 U - a staff of fire
 W - a staff of conjuration
Jewellery
 b - a +6 ring of intelligence (left hand)
 E - a ring of positive energy
 G - a ring of protection from fire (right hand)
 Q - a ring of fire
 X - a ring of protection from cold
Wands
 p - a wand of iceblast (7)
 u - a wand of polymorph (9)
 H - a wand of flame (30)
 J - a wand of mindburst (19)
 M - a wand of light (5)
Scrolls
 d - 11 scrolls of teleportation {unknown}
 e - 3 scrolls of identify {unknown}
 f - a scroll of vulnerability {unknown}
 h - 3 scrolls of immolation {unknown}
 t - a scroll of amnesia {unknown}
 y - a scroll of magic mapping {unknown}
 A - 3 scrolls of fear {unknown}
 B - 2 scrolls of noise {unknown}
 F - 3 scrolls of fog {unknown}
 L - a scroll of enchant armour {unknown}
 O - a scroll of brand weapon {unknown}
 P - a scroll of silence {unknown}
 R - a scroll of poison {unknown}
 S - a scroll of blinking {unknown}
 T - a scroll of torment {unknown}
Potions
 a - 2 potions of magic
 c - 2 potions of mutation {unknown}
 g - 3 potions of might
 i - a potion of resistance {unknown}
 j - 2 potions of lignification {unknown}
 m - 3 potions of brilliance
 q - 8 potions of curing {unknown}
 x - a potion of degeneration {unknown}
 z - 4 potions of heal wounds {unknown}
 K - a potion of berserk rage {unknown}


   Skills:
 - Level 0.9 Fighting
 - Level 1.0 Short Blades
 - Level 1.3(1.4) Maces & Flails
 + Level 1.8(2.0) Polearms
 - Level 0.7(1.7) Staves
 - Level 2.0 Dodging
 - Level 2.0 Stealth
 * Level 2.0 Shields
 - Level 4.0 Spellcasting
 + Level 12.4 Conjurations
 - Level 3.0 Hexes
 - Level 3.0 Translocations
 + Level 2.0 Evocations


You had 5 spell levels left.
You knew the following spells:

 Your Spells              Type           Power      Damage    Failure   Level
a - Magic Dart            Conj           100%       1d8       1%          1
b - Searing Ray           Conj           100%       2d8       1%          2
c - Fulminant Prism       Conj/Hex       25%        3d13      4%          4
d - Iskenderun's Mystic   Conj/Tloc      51%        2d11      4%          4

Your spell library contained the following spells:

 Spells                   Type           Power      Damage    Failure   Level
 Dazzling Flash           Conj/Hex       100%       N/A       1%          3
 Sticky Flame             Conj/Fire      43%        2d6       8%          4
 Vhi's Electric Charge    Tloc/Air       30%        N/A       16%         3
 Arcjolt                  Conj/Air       21%        1d31      22%         5
 Ignite Poison            Fire/Tmut/Pois 6%         N/A       28%         3
 Plasma Beam              Fire/Air       3%         2x1d14    100%        6
 Ignition                 Fire           3%         3d4       100%        8


Dungeon Overview and Level Annotations

Branches:
Dungeon (7/15)             Temple (1/1) D:6         Ossuary (visited)

Altars:
Ashenzari
Cheibriados
Dithmenos
Elyvilon
Fedhas
Gozag
Hepliaklqana
Kikubaaqudgha
Makhleb
Nemelex Xobeh
Qazlal
Ru
Sif Muna
Trog
Uskayaw
Wu Jian
Xom
Yredelemnul
Zin
The Shining One

Annotations:
D:7 1 transporter, scisormetimb3rs's ghost, novice HOFi


Innate Abilities, Weirdness & Mutations

Your dull iron-grey scales are very hard. (AC +12)
You are amphibious.
You cannot fit into any form of body armour.
You are cold-blooded and may be slowed by cold attacks.


Message History

You kill the ogre!
Your Shields skill increases to level 2!
You hit the moth of wrath but do no damage.
The moth of wrath is almost dead.
The moth of wrath bites you!! The moth of wrath bites you!
The moth of wrath infuriates you!
A red film seems to cover your vision as you go berserk!
You feel yourself moving faster!
You feel mighty!
You hit the moth of wrath.
The moth of wrath is almost dead.
The moth of wrath barely misses you.
Press: ? - help, v - describe, . - travel
Here: scisormetimb3rs's ghost (heavily damaged)
The floor.
You completely miss scisormetimb3rs's ghost.
Scisormetimb3rs's ghost is heavily damaged.
Scisormetimb3rs's ghost hits you but does no damage.
You hit scisormetimb3rs's ghost. You tail-slap scisormetimb3rs's ghost.
Scisormetimb3rs's ghost is heavily damaged.
The moth of wrath bites you. Scisormetimb3rs's ghost hits you!
* * * LOW HITPOINT WARNING * * *
You completely miss scisormetimb3rs's ghost.
You tail-slap scisormetimb3rs's ghost.
Scisormetimb3rs's ghost is heavily damaged.
The moth of wrath bites you but does no damage.
Scisormetimb3rs's ghost hits you but does no damage.
The moth of wrath bites you!
* * * LOW HITPOINT WARNING * * *
You are possessed by a berserker rage.
Your movement speed is very quick.
Your attack delay is about 0.8.
Your damage rating with your staff of conjuration is about 5 (Base 5 x 97% (Str) x 104% (Skill)).
Your base attributes are Str 9, Int 24, Dex 9.
You hear the crackle of electricity.
N - a +2 whip of electrocution (weapon)
You hit scisormetimb3rs's ghost.
Scisormetimb3rs's ghost is severely damaged.
Scisormetimb3rs's ghost hits you!
* * * LOW HITPOINT WARNING * * *
The moth of wrath bites you!
You die...

........##...#.....#...#
.......................#
.......####.#......#...#
.)....## #.###....#..##
......## #..#.......##
.......# #..........##
..####.####.....©.....## .##
#...##....#####....##
..#####.#...###.@.###...#
#....†.....##...yW####..##
...........#...))##..#...#
..#.......##....#§#..##..#
.##.......#.......#.gO#..#
###.......#..##._....o#..#
##........#.##≈.))##..#..##
.....>....######.#≈####...##
...........##.#y..## #.....#


You could see a moth of wrath and scisormetimb3rs's ghost.

Vanquished Creatures
  Pikel (D:6)
  Maggie (D:6)
  A wyvern (D:7)
  Edmund (D:6)
  A water moccasin (D:7)
  2 orc warriors (D:7)
  A black bear (D:5)
  An ice beast (D:6)
  6 ogres
  2 phantoms
  A lemure (D:6)
  A kobold brigand (D:7)
  A gnoll sergeant (D:7)
  A bullfrog (D:7)
  5 scorpions
  5 water moccasin zombies (Ossuary)
  3 gnoll boudas
  2 orc priests (D:7)
  A jelly (D:4)
  Crazy Yiuf (D:3)
  Jessica (D:3)
  Terence (D:2)
  3 iguanas
  An orc wizard (D:7)
  2 mummies (Ossuary)
  Robin (D:3)
  21 gnolls
  9 adders
  4 white imps
  4 adder zombies (Ossuary)
  3 worms
  3 dart slugs
  5 orcs
  8 ball pythons
  3 endoplasms
  4 giant cockroaches
  A gnoll zombie (Ossuary)
  13 goblins
  10 hobgoblins
  3 jackals (D:4)
  8 kobolds
  4 quokkas
  8 bats
  4 frilled lizards
  5 hobgoblin zombies (Ossuary)
  5 kobold zombies (Ossuary)
  4 orc zombies (Ossuary)
  6 rats
182 creatures vanquished.

Vanquished Creatures (others)
  8 fulminant prisms
8 creatures vanquished.

Grand Total: 190 creatures vanquished

Notes
Turn   | Place    | Note
-------+----------+-------------------------------------------
     0 | D:1      | monsoonserge the Draconian Conjurer began the quest for the
                  | Orb.
     0 | D:1      | Reached XP level 1. HP: 14/14 MP: 3/3
   155 | D:1      | Reached XP level 2. HP: 20/20 MP: 3/5
   180 | D:1      | Learned a level 2 spell: Searing Ray
   915 | D:2      | Reached XP level 3. HP: 26/26 MP: 2/6
  1530 | D:2      | Reached skill level 5 in Conjurations
  1568 | D:2      | Reached XP level 4. HP: 33/33 MP: 3/7
  2402 | D:3      | Noticed Jessica
  2405 | D:3      | Noticed Robin
  2437 | D:3      | Noticed Terence
  2459 | D:2      | Killed Terence
  2460 | D:2      | Reached XP level 5. HP: 13/39 MP: 0/9
  2791 | D:3      | Killed Jessica
  2846 | D:3      | Killed Robin
  2847 | D:3      | Reached skill level 6 in Conjurations
  2893 | D:3      | Reached skill level 1 in Short Blades
  2903 | D:2      | Learned a level 4 spell: Fulminant Prism
  3265 | D:3      | Found a runed translucent door.
  3266 | D:3      | Noticed Crazy Yiuf
  3459 | D:3      | Killed Crazy Yiuf
  3588 | D:4      | Reached skill level 1 in Hexes
  3588 | D:4      | Reached XP level 6. HP: 46/46 MP: 6/10
  3696 | D:4      | Learned a level 4 spell: Iskenderun's Mystic Blast
  3894 | D:4      | Reached skill level 7 in Conjurations
  3894 | D:4      | Reached skill level 1 in Translocations
  4068 | D:4      | Your scales start taking on a dull iron-grey colour.
  4068 | D:4      | Reached XP level 7. HP: 51/51 MP: 6/11
  4523 | D:4      | Found a shimmering blue altar of Sif Muna.
  4694 | D:5      | Entered Level 5 of the Dungeon
  4694 | D:5      | Found a blossoming altar of Fedhas.
  4694 | D:5      | Found a glowing silver altar of Zin.
  4907 | D:5      | Reached skill level 8 in Conjurations
  5129 | D:5      | Reached XP level 8. HP: 20/58 MP: 7/12
  5379 | D:5      | Found a sacrificial altar of Ru.
  5438 | D:5      | Reached skill level 9 in Conjurations
  5527 | D:5      | Found an ornate altar of the Wu Jian Council.
  5808 | D:6      | Noticed Maggie
  5848 | D:6      | Killed Maggie
  5849 | D:6      | Reached skill level 10 in Conjurations
  6071 | D:6      | Reached skill level 1 in Polearms
  6073 | D:6      | Reached skill level 1 in Evocations
  6489 | D:6      | Found a staircase to the Ecumenical Temple.
  6494 | D:6      | Found a broken altar of Ashenzari.
  6504 | Temple   | Entered the Ecumenical Temple
  6557 | D:6      | Noticed Pikel
  6563 | D:6      | Killed Pikel
  6564 | D:6      | Reached skill level 11 in Conjurations
  6564 | D:6      | Reached XP level 9. HP: 63/63 MP: 1/13
  6981 | D:6      | Noticed Edmund
  6990 | D:6      | Killed Edmund
  7430 | D:7      | Found a sand-covered staircase.
  7441 | Ossuary  | Entered an ossuary
  8220 | D:7      | Reached skill level 12 in Conjurations
  8380 | D:7      | Reached skill level 1 in Maces & Flails
  8476 | D:7      | Found a transporter.
  8480 | D:7      | Noticed a moth of wrath
  8489 | D:7      | Found a transporter.
  8490 | D:7      | Found a bloodstained altar of Trog.
  8490 | D:7      | Noticed scisormetimb3rs's ghost (novice HOFi)
  8535 | D:7      | Reached skill level 1 in Shields
  8792 | D:7      | Slain by a moth of wrath

Illustrated notes

Levels and vault maps discovered:
D:1:      psy_arrival_fountain, layout_rooms
D:2:      layout_basic, serial_curves, eino_curves_02, eino_curves_02,
          minmay_heptomino_o4
D:3:      layout_rooms, serial_bayou_ford_a, uniq_terence, uniq_robin,
          uniq_crazy_yiuf_cottage, uniq_jessica
D:4:      layout_gridville, overflow_temple_1_default, kennysheep_generic_room_5
D:5:      layout_basic, nzn_wu_jian_contemplation, nicolae_ru_awakened_eye,
          chequers_temple_overflow_statue_of_worship
D:6:      layout_basic, kennysheep_mini_moat,
          minmay_temple_entry_drinking_statues, kennysheep_generic_room_16,
          uniq_pikel, uniq_edmund, uniq_maggie
D:7:      layout_cave_pools, gammafunk_ghost_wrathful_warriors,
          nicolae_ossuary_entry_monument
Temple:   nicolae_temple_ecumenical_triangle

Skill      XL: |  1  2  3  4  5  6  7  8  9 |
---------------+----------------------------+-----
Dodging        | 2 |  2.0
Stealth        | 2 |  2.0
Conjurations   | 5 6 7 8 11 12 | 12.4
Short Blades   | 1 |  1.0
Spellcasting   | 3 4 |  4.0
Hexes          | 1 2 3 |  3.0
Translocations | 1 2 3 |  3.0
Polearms       | 1 |  1.8
Evocations     | 1 2 |  2.0
Maces & Flails | 1 |  1.3
Shields        | 2 |  2.0
Fighting       | |  0.9
Staves         | |  0.7

Action                     |  1- 3 |  4- 6 |  7- 9 || total
---------------------------+-------+-------+-------++-------
  Melee: Unarmed           |     5 |       |       ||     5
         Tailslap          |     1 |     3 |     3 ||     7
         Short sword       |    10 |     8 |       ||    18
         Spear             |       |    18 |       ||    18
         Punch             |       |     1 |     1 ||     2
         Quarterstaff      |       |     6 |    14 ||    20
         Glaive            |       |       |     8 ||     8
         Whip              |       |       |    19 ||    19
         Staff             |       |       |     5 ||     5
   Cast: Magic Dart        |    10 |     4 |       ||    14
         Searing Ray       |    25 |    45 |    59 ||   129
         Iskenderun's Myst |       |       |     9 ||     9
         Fulminant Prism   |       |       |     8 ||     8
  Evoke: Wand              |       |       |     3 ||     3
    Use: Potion            |       |       |     1 ||     1
   Stab: Sleeping          |       |     1 |       ||     1
 Armour: Skin              |    12 |    32 |    40 ||    84
  Dodge: Dodged            |    26 |    57 |    60 ||   143
  Block: Buckler           |       |       |     1 ||     1
